 Dungeon Crawl Stone Soup version 0.21.1 (webtiles) character file.

104342 FortyBot the Bludgeoner (level 15, -7/139 HPs)
             Began as a Red Draconian Abyssal Knight on Feb 3, 2018.
             Was an Elder of Lugonu.
             Killed from afar by an eidolon (28 damage)
             ... with a bolt of negative energy
             ... on level 1 of the Abyss on Feb 4, 2018.
             The game lasted 04:47:08 (44167 turns).

FortyBot the Bludgeoner (DrAK)                     Turns: 44167, Time: 04:47:08

Health: -7/139     AC: 17    Str: 21    XL:     15   Next: 91%
Magic:  9/20       EV: 19    Int: 13    God:    Lugonu [****..]
Gold:   1696       SH: 16    Dex: 21    Spells: 14/14 levels left

rFire    + . .     SeeInvis .   Q - +2 morningstar (flame)
rCold    . . .     Gourm    .   M - +2 shield {AC+3}
rNeg     . . .     Faith    .   (armour unavailable)
rPois    .         Spirit   .   I - +2 hat
rElec    .         Reflect  .   w - +2 cloak
rCorr    .         Harm     .   (no gloves)
MR       +....                  (no boots)
Stlth    ++........             P - amulet of rage
HPRegen  0.33/turn              o - +5 ring of strength
MPRegen  0.17/turn              R - +6 ring of dexterity

@: short of breath, drained
A: breathe fire, unfitting armour, blurry vision 1, fire resistance 1,
cold-blooded, AC +9
a: Breathe Fire, Depart the Abyss, Bend Space, Banish, Corrupt, Renounce
Religion, Evoke Berserk Rage


You were on level 1 of the Abyss.
You worshipped Lugonu.
Lugonu was greatly pleased with you.
You were not hungry.

You visited 3 branches of the dungeon, and saw 21 of its levels.
You visited the Abyss 3 times.
You also visited: Bailey.

You collected 2804 gold pieces.
You spent 1108 gold pieces at shops.

Inventory:

Hand Weapons
 d - a +1 morningstar of freezing
 Q - a +2 morningstar of flaming (weapon)
Missiles
 f - 582 stones
 n - 5 tomahawks of returning
 H - 14 tomahawks (quivered)
Armour
 w - a +2 cloak (worn)
 I - a +2 hat (worn)
 M - a +2 shield of protection (worn)
Jewellery
 o - a +5 ring of strength (left hand)
 y - an uncursed ring of ice
 D - a +4 ring of protection
 N - an uncursed amulet of the gourmand
 P - an amulet of rage (around neck)
 R - a +6 ring of dexterity (right hand)
 S - a +4 ring of evasion
Wands
 a - a wand of polymorph (27)
 c - a wand of enslavement (1)
 e - a wand of iceblast (7)
 k - a wand of paralysis (9)
 u - a wand of flame (32)
 x - a wand of random effects (11)
 C - a wand of digging (9)
 K - a wand of clouds (5)
 L - a wand of disintegration (15)
Scrolls
 q - 2 scrolls of magic mapping
 r - 2 scrolls of remove curse
 s - a scroll of fog
 v - 7 scrolls of identify
 A - 5 scrolls of amnesia
 F - 6 scrolls of teleportation
 J - 4 scrolls of blinking
 T - a scroll of enchant armour
Potions
 g - 3 potions of lignification
 h - 2 potions of haste
 i - 2 potions of invisibility
 j - a potion of curing
 l - a potion of resistance
 p - 3 potions of cancellation
 t - 3 potions of brilliance
 z - a potion of ambrosia
 E - 2 potions of magic
 G - 2 potions of might
 O - a potion of flight
Books
 B - a book of Maledictions

   Spells                             Type                      Level
   a - Corona                         Hexes                        1
   b - Ensorcelled Hibernation        Hexes/Ice                    2
   c - Confuse                        Hexes                        3
   d - Tukima's Dance                 Hexes                        3
   e - Dazzling Spray                 Conjuration/Hexes            3
Comestibles
 b - 11 rations


   Skills:
 + Level 14.9(13.4) Fighting
 - Level 16.0(14.4) Maces & Flails
 * Level 9.6(8.3) Dodging
 - Level 15.0(13.5) Shields
 - Level 7.1(5.9) Invocations
 + Level 1.4(0.3) Evocations


You had 14 spell levels left.
You didn't know any spells.

Dungeon Overview and Level Annotations

Branches:
Dungeon (13/15)            Temple (0/1) D:4            Lair (6/6) D:11
 Shoals (0/4) Lair:2        Snake (0/4) Lair:2        Slime (0/5) Lair:6
    Orc (2/2) D:9             Elf (0/3) Orc:2        Vaults (0/5) D:13

Altars:
Cheibriados
Fedhas
Gozag
Nemelex Xobeh
Trog
Uskayaw
Wu Jian
Yredelemnul
Zin
The Shining One

Shops:
D:4 (   D:7 *   D:9 *[   D:10 [   Orc:2 [(*:

Portals:
Trove: D:10 (give 7 potions of haste)

Annotations:
D:3 exclusion: upstairs
D:7 Pikel
D:11 exclusion: downstairs
Lair:2 exclusion: oklob plant


Innate Abilities, Weirdness & Mutations

You can breathe blasts of fire.
Your fiery red scales are hard. (AC +9)
You cannot fit into any form of body armour.
Your flesh is heat resistant. (rF+)
You are cold-blooded and may be slowed by cold attacks.
Scrolls take you a little longer to read.


Message History

You start resting.
A smoke demon materialises.
The smoke demon roars!
Found 9 gold pieces.
The smoke demon moves out of view.
The eidolon gives a chilling moan.
Found a gateway leading out of the Abyss.
Found a scroll of teleportation.
F - 6 scrolls of teleportation (gained 1)
Your extra speed is starting to run out.
You start resting.
You feel yourself slow down.
You start resting.
Press: ? - help, Shift-Dir - straight line, f - eidolon
Aim: an eidolon You breathe a blast of fire!
The fiery breath misses the eidolon.
You feel somewhat more hungry. The eidolon stares piercingly at you.
The bolt of negative energy hits you!
You feel drained.
You die...

.# .. ..##.#.
#.# .. ...
#.#.. # # .
..#..#.#..# #
#.#.. #. ## #
. . ####..###
.. #.
#ยง..##...#.#
#.W#.# ###
#...## #.##@#
.. #.# ...
... ....
.#.## # #
#.#.. # ..#
..# ...


You could see an eidolon.

Vanquished Creatures
  Gastronok (D:12)
  3 orc warlords
  The ghost of TheDoctor the Impaler, a journeyman OpFi of Okawaru (Lair:6)
  Snorg (Orc:1)
  The ghost of schiavet16 the Fighter, a journeyman HOFi of Okawaru (D:10)
  Josephine (D:9)
  5 hydras
  Fannar (D:9)
  An ice dragon (Lair:6)
  Erica (D:8)
  A death knight (D:11)
  3 centaur warriors
  10 two-headed ogres
  An ogre mage (D:13)
  10 death yaks
  Urug (D:11)
  5 orc high priests (Orc:2)
  Nergalle (D:9)
  A skeletal warrior (D:12)
  An unseen horror (D:13)
  A deep elf archer (D:13)
  A lindwurm (Lair:6)
  5 orc knights
  6 orc sorcerers
  A cyclops (D:12)
  4 ugly things
  10 deep elf magi
  Maurice (D:9)
  6 elephants (Lair:6)
  5 black mambas
  5 torpor snails (Lair:6)
  A gargoyle (D:13)
  9 spiny frogs
  A rime drake (Lair:3)
  A freezing wraith (D:12)
  3 yaktaurs (D:13)
  11 komodo dragons
  An efreet (Abyss:1)
  An ancient zyme (Abyss:1)
  10 trolls
  13 polar bears
  16 blink frogs
  6 hippogriffs
  3 tyrant leeches (Lair:6)
  6 hornets
  7 slime creatures
  4 raiju (Lair:6)
  Sigmund (D:3)
  A flying skull (Abyss:1)
  A shadow (D:11)
  3 wyverns
  2 vampires
  5 wraiths
  25 yaks
  A ynoxinul (Abyss:1)
  3 hungry ghosts
  8 basilisks
  A chaos spawn (Abyss:1)
  A steam dragon (Lair:4)
  2 vampire mosquitoes (D:13)
  2 small abominations (Abyss:1)
  8 wargs
  2 nagas (Lair:2)
  A soldier ant (D:11)
  15 water moccasins
  A large abomination (Abyss:1)
  13 hell hounds
  13 porcupines
  A hornet zombie (D:12)
  36 orc warriors
  13 ice beasts
  A slave (D:7)
  11 black bears
  A necrophage (D:8)
  2 phantoms
  4 eyes of draining
  35 wolves
  16 centaurs
  16 ogres
  11 crocodiles
  15 bullfrogs
  3 big kobolds
  8 scorpions
  A water moccasin skeleton (D:11)
  10 killer bees
  7 jellies
  18 wights
  5 electric eels
  7 howler monkeys
  5 crimson imps
  A bullfrog zombie (D:10)
  A centaur zombie (D:5)
  12 hounds
  Crazy Yiuf (D:3)
  12 orc priests
  Jessica (D:3)
  4 iguanas
  26 orc wizards
  5 worker ants
  A killer bee zombie (D:7)
  A hound skeleton (D:4)
  9 gnolls
  A howler monkey skeleton (D:9)
  14 adders
  4 shadow imps
  An ufetubus (Abyss:1)
  6 oozes
  2 adder zombies
  3 worms
  3 dart slugs
  3 leopard geckos
  99 orcs
  7 bats
  4 giant cockroaches
  7 goblins
  9 hobgoblins
  11 jackals
  7 quokkas
  A ball python (D:1)
  6 frilled lizards
  A jackal skeleton (D:5)
  17 kobolds
  A quokka skeleton (D:6)
  A quokka zombie (D:5)
  3 rats
  2 plants
810 creatures vanquished.

Vanquished Creatures (collateral kills)
  A hydra (Lair:5)
  A yak (Lair:5)
  A crocodile (Lair:5)
  A jelly (Lair:5)
  An iguana (Lair:2)
5 creatures vanquished.

Vanquished Creatures (others)
  An ettin (Orc:1)
  A komodo dragon (Lair:5)
  A black bear (D:13)
  An orc (D:8)
  A bush (Lair:6)
  40 fungi
  36 plants
81 creatures vanquished.

Grand Total: 896 creatures vanquished

Notes
Turn   | Place    | Note
-------+----------+-------------------------------------------
     0 | Abyss:1  | FortyBot the Draconian Abyssal Knight began the quest for the Orb.
     0 | Abyss:1  | Reached XP level 1. HP: 19/19 MP: 2/2
    39 | Abyss:1  | Noticed a small abomination
    40 | D:1      | Escaped the Abyss
   309 | D:1      | Reached XP level 2. HP: 16/26 MP: 3/3
   739 | D:1      | Reached skill level 3 in Maces & Flails
   803 | D:1      | Reached * piety under Lugonu
   963 | D:1      | Reached XP level 3. HP: 33/33 MP: 4/4
  2287 | D:2      | Reached XP level 4. HP: 28/40 MP: 5/5
  2819 | D:2      | Reached skill level 4 in Maces & Flails
  3093 | D:3      | Reached ** piety under Lugonu
  3410 | D:3      | Reached XP level 5. HP: 47/47 MP: 6/6
  3481 | D:3      | Noticed Jessica
  3498 | D:3      | Killed Jessica
  3688 | D:3      | Found a runed door.
  3692 | D:3      | crazy yuif
  3786 | D:3      | Noticed an ogre
  3805 | D:3      | Killed an ogre
  3805 | D:3      | Reached skill level 5 in Maces & Flails
  4195 | D:3      | Noticed Sigmund
  4503 | D:4      | Reached skill level 5 in Fighting
  4624 | D:4      | Found a hide-covered altar of Uskayaw.
  4624 | D:4      | Found an opulent altar of Gozag.
  4624 | D:4      | Found a basalt altar of Yredelemnul.
  4662 | D:4      | Reached XP level 6. HP: 51/56 MP: 7/7
  4997 | D:4      | Found Taimpaw's Weapon Boutique.
  5524 | D:4      | Found a staircase to the Ecumenical Temple.
  5759 | D:5      | Entered Level 5 of the Dungeon
  5806 | D:5      | Reached skill level 6 in Maces & Flails
  6463 | D:5      | Found a glowing golden altar of the Shining One.
  6476 | D:5      | Found an ornate altar of the Wu Jian Council.
  6515 | D:5      | Your scales start taking on a fiery red colour.
  6515 | D:5      | Reached XP level 7. HP: 41/62 MP: 8/8
  6515 | D:5      | Gained mutation: Your flesh is heat resistant. (rF+) [Red Draconian growth]
  7498 | D:3      | Killed Sigmund
  7498 | D:3      | Reached skill level 7 in Maces & Flails
  7623 | D:3      | Noticed Crazy Yiuf
  7628 | D:3      | Killed Crazy Yiuf
  7814 | D:3      | Found a snail-covered altar of Cheibriados.
  8595 | D:6      | Reached XP level 8. HP: 61/70 MP: 9/9
  8625 | D:6      | Reached *** piety under Lugonu
  8847 | D:6      | Reached skill level 8 in Maces & Flails
  9706 | D:6      | Reached skill level 9 in Maces & Flails
 10268 | D:7      | Noticed a hippogriff
 10272 | D:7      | Killed a hippogriff
 10439 | D:7      | Reached XP level 9. HP: 76/78 MP: 10/10
 10451 | D:7      | Found a sparkling altar of Nemelex Xobeh.
 10543 | D:7      | Reached skill level 10 in Maces & Flails
 11129 | D:7      | Reached **** piety under Lugonu
 11533 | D:7      | Found Zin's Purification Station.
 11536 | D:7      | Found a glowing silver altar of Zin.
 11596 | D:7      | Noticed Pikel
 11889 | D:8      | Noticed Erica
 13482 | D:8      | Reached skill level 11 in Maces & Flails
 13755 | D:9      | Noticed Maurice
 13799 | D:9      | Reached skill level 1 in Shields
 14033 | D:9      | Found a staircase to the Orcish Mines.
 14089 | D:9      | Found Jyluqaont's Armour Shop.
 14327 | D:9      | Reached XP level 10. HP: 87/87 MP: 13/13
 14364 | D:9      | Found a bloodstained altar of Trog.
 14389 | D:9      | Reached skill level 5 in Invocations
 14570 | D:9      | Reached ***** piety under Lugonu
 15059 | D:10     | Entered Level 10 of the Dungeon
 15237 | D:10     | Found Juelum's Armour Shoppe.
 15516 | D:7      | Found Zin's Purification Station.
 15519 | D:7      | Found a glowing silver altar of Zin.
 15721 | D:7      | Found a sparkling altar of Nemelex Xobeh.
 16050 | D:7      | You fall through a shaft for 2 floors!
 16174 | D:7      | Found a sparkling altar of Nemelex Xobeh.
 16292 | D:8      | Killed Erica
 16292 | D:8      | Reached skill level 12 in Maces & Flails
 16664 | D:9      | Found Piuhepp's General Store.
 16667 | D:9      | Bought a scroll of enchant weapon for 97 gold pieces
 16667 | D:9      | Bought a scroll of identify for 26 gold pieces
 17707 | D:10     | Noticed Josephine
 18222 | D:11     | Noticed a two-headed ogre
 18236 | D:11     | Killed a two-headed ogre
 18485 | D:11     | Reached XP level 11. HP: 55/94 MP: 16/16
 18697 | D:11     | Reached skill level 13 in Maces & Flails
 18802 | D:11     | Noticed a two-headed ogre
 18816 | D:11     | Killed a two-headed ogre
 18877 | D:11     | Found a staircase to the Lair.
 19462 | D:11     | Noticed a five-headed hydra
 19486 | D:11     | Killed a five-headed hydra
 20306 | D:11     | Found a blossoming altar of Fedhas.
 20377 | D:11     | Noticed a two-headed ogre
 20419 | D:11     | Killed a two-headed ogre
 20419 | D:11     | Reached skill level 14 in Maces & Flails
 20997 | D:11     | Noticed a two-headed ogre
 21004 | D:11     | Killed a two-headed ogre
 21832 | D:10     | Noticed schiavet16's ghost (journeyman HOFi)
 21861 | D:10     | Killed schiavet16's ghost
 21861 | D:10     | Reached skill level 10 in Fighting
 22300 | D:9      | Killed Josephine
 22300 | D:9      | Reached XP level 12. HP: 45/106 MP: 17/17
 22554 | D:10     | Found a portal to a secret trove of treasure.
 22613 | D:9      | Found a bloodstained altar of Trog.
 22663 | D:9      | Found a staircase to the Orcish Mines.
 22665 | D:9      | Found Jyluqaont's Armour Shop.
 22675 | D:9      | Bought a +0 shield of protection for 138 gold pieces
 22701 | D:9      | Noticed a two-headed ogre
 22718 | D:9      | Killed Maurice
 22721 | D:9      | Killed a two-headed ogre
 22721 | D:9      | Reached skill level 15 in Maces & Flails
 22898 | Lair:1   | Entered Level 1 of the Lair of Beasts
 23172 | Lair:1   | Reached skill level 5 in Shields
 24482 | Lair:2   | Found a staircase to the Shoals.
 24483 | Lair:2   | Noticed a seven-headed hydra
 24495 | Lair:1   | Banished a seven-headed hydra
 25515 | Lair:2   | Reached ****** piety under Lugonu
 25536 | Lair:2   | Reached skill level 16 in Maces & Flails
 26224 | Lair:2   | Found a staircase to the Snake Pit.
 27584 | Lair:3   | Reached XP level 13. HP: 110/114 MP: 18/18
 29241 | Lair:4   | Reached skill level 10 in Shields
 30935 | Lair:5   | Identified the Almanac of Air and Poisoning
 31191 | Lair:6   | Entered Level 6 of the Lair of Beasts
 31191 | Lair:6   | Found a frozen archway.
 32136 | Lair:6   | Found a staircase to the Slime Pits.
 32421 | Lair:6   | Noticed TheDoctor's ghost (journeyman OpFi)
 32451 | Lair:6   | Killed TheDoctor's ghost
 32631 | Lair:6   | Reached XP level 14. HP: 91/127 MP: 19/19
 33867 | Lair:6   | Got an ancient falchion
 33868 | Lair:6   | Identified the +6 falchion of Triumph {holy, *Corrode +Rage MR+++ SInv} (You found it on level 6 of the Lair of Beasts)
 35074 | Lair:6   | Found a runed door.
 35156 | Lair:6   | Paralysed by a hornet for 1 turns
 35755 | Lair:6   | Paralysed by a hornet for 3 turns
 36330 | Orc:1    | Entered Level 1 of the Orcish Mines
 36332 | Orc:1    | Noticed Fannar
 36554 | D:9      | Killed Fannar
 36763 | Orc:1    | Paralysed by an orc sorcerer for 4 turns
 36864 | Orc:1    | Noticed Nergalle
 36872 | Orc:1    | Noticed Snorg
 36879 | D:9      | Killed Nergalle
 36879 | D:9      | Reached skill level 5 in Dodging
 36974 | Orc:1    | Killed Snorg
 38197 | Orc:2    | Entered Level 2 of the Orcish Mines
 38215 | Orc:2    | Found a bloodstained altar of Trog.
 38225 | Orc:2    | Found a staircase to the Elven Halls.
 38416 | Orc:2    | Noticed an orc warlord
 38693 | Orc:2    | Noticed an orc warlord
 38749 | Orc:2    | Killed an orc warlord
 38749 | Orc:2    | Reached XP level 15. HP: 97/137 MP: 20/20
 38819 | Orc:2    | Gained mutation: Scrolls take you a little longer to read. [a neqoxec]
 39384 | Orc:2    | Found Ryosior's Book Shoppe.
 39410 | Orc:2    | Noticed an orc warlord
 39466 | Orc:1    | Killed an orc warlord
 39793 | Orc:2    | Found Quff's General Store.
 39804 | Orc:2    | Bought a scroll of identify for 28 gold pieces
 39841 | Orc:2    | Found Cemiude's Antique Weapon Shop.
 39995 | Orc:2    | Found Fuyschudgh's Antique Armour Shoppe.
 40252 | Orc:2    | Killed an orc warlord
 40587 | D:12     | Noticed Urug
 40879 | D:11     | Killed Urug
 41480 | D:12     | Noticed Gastronok
 41493 | D:12     | Killed Gastronok
 41978 | D:11     | Escaped the Abyss
 43171 | Orc:2    | Bought a +6 ring of dexterity for 819 gold pieces
 43665 | D:13     | Found a gate to the Vaults.
 43696 | D:13     | Found a flagged portal.
 43711 | Bailey   | Entered a bailey
 43853 | D:13     | Reached skill level 15 in Shields
 44023 | D:13     | Reached skill level 1 in Evocations
 44167 | Abyss:1  | Killed from afar by an eidolon

Skill      XL: |  1  2  3  4  5  6  7  8  9 10 11 12 13 14 15 |
---------------+----------------------------------------------+-----
Maces & Flails | 3 4 5 6 7 9 11 12 14 16 | 16.0
Fighting       | 4 5 6 7 10 12 13 14 | 14.9
Dodging        | 4 6 9 |  9.6
Invocations    | 4 7 |  7.1
Shields        | 1 4 8 12 14 15 | 15.0
Evocations     | 1 |  1.4

Action                   |  1- 3 |  4- 6 |  7- 9 | 10-12 | 13-15 || total
-------------------------+-------+-------+-------+-------+-------++-------
Melee: Mace              |    15 |    98 |   155 |       |       ||   268
       Tailslap          |    17 |    18 |    72 |   166 |   329 ||   602
       Flail             |   119 |    82 |       |       |       ||   201
       Morningstar       |       |       |   310 |   878 |  1720 ||  2908
Throw: Stone             |    23 |    15 |    77 |    62 |    70 ||   247
       Tomahawk          |       |       |       |       |    87 ||    87
Invok: Depart the Abyss  |     1 |       |       |       |     1 ||     2
       Bend Space        |       |     1 |     1 |       |     5 ||     7
       Banish            |       |       |       |     1 |     6 ||     7
       Enter the Abyss   |       |       |       |       |     2 ||     2
 Abil: Breathe Fire      |       |       |    22 |    28 |    87 ||   137
Evoke: Wand              |       |       |     4 |    18 |    21 ||    43
       Phantom mirror    |       |       |       |     1 |     1 ||     2
  Use: Scroll            |     5 |     7 |     7 |    20 |     7 ||    46
       Potion            |       |     1 |     1 |     3 |     7 ||    12
 Stab: Sleeping          |       |       |       |       |     1 ||     1
       Distracted        |       |       |       |       |     1 ||     1
  Eat: Chunk             |     4 |     7 |    12 |    24 |    36 ||    83
       Ration            |       |     2 |     5 |     8 |    11 ||    26
Armor: Skin              |    26 |    46 |   123 |   214 |   355 ||   764
Dodge: Dodged            |    51 |    88 |   262 |   318 |   602 ||  1321
Block: Buckler           |       |       |     9 |    70 |       ||    79
       Shield            |       |       |       |   191 |  1079 ||  1270
